 Dungeon Crawl Stone Soup version 0.27.0-1-g7a089689b8 (webtiles) character file.

Game seed: 10328234734307017219

793 sanka the Ducker (level 7, -1/57 HPs)
             Began as a Demigod Summoner on Aug 1, 2021.
             Succumbed to a water moccasin's poison
             ... on level 5 of the Dungeon.
             The game lasted 00:11:18 (6454 turns).

sanka the Ducker (Demigod Summoner)                 Turns: 6454, Time: 00:11:19

Health: -1/57      AC:  3    Str:  9    XL:     7   Next: 31%
Magic:  5/13       EV: 18    Int: 25    God:
Gold:   165        SH:  0    Dex: 14    Spells: 7/10 levels left

rFire    . . .     SeeInvis +   a - +0 dagger (venom)
rCold    . . .     Faith    .   (no shield)
rNeg     . . .     Spirit   .   m - +0 robe
rPois    .         Reflect  .   (no helmet)
rElec    .         Harm     .   (no cloak)
rCorr    .         Rampage  .   c - +0 pair of gloves
Will     .....                  (no boots)
Stlth    ++........             (no amulet)
HPRegen  0.19/turn              w - +4 ring of evasion
MPRegen  0.13/turn              u - ring of see invisible

@: lethally poisoned (-1 -> -6)
A: high mp 1, forlorn
a: no special abilities


You were on level 5 of the Dungeon.
You visited 1 branch of the dungeon, and saw 5 of its levels.

You collected 165 gold pieces.


Innate Abilities, Weirdness & Mutations

Your attributes grow dramatically as you level up.
You have an increased reservoir of magic. (+10% MP)
You shall have no god before yourself.


   Skills:
 - Level 3.0 Fighting
 + Level 6.3 Dodging
 - Level 1.7 Stealth
 - Level 2.0 Spellcasting
 - Level 5.0 Summonings


You had 7 spell levels left.
You knew the following spells:

 Your Spells              Type           Power      Damage    Failure   Level
x - Call Imp              Summ           27%        N/A       2%          2
z - Summon Small Mammal   Summ           100%       N/A       1%          1

Your spell library contained the following spells:

 Spells                   Type           Power      Damage    Failure   Level
 Call Canine Familiar     Summ           27%        N/A       4%          3
 Shock                    Conj/Air       8%         1d3       11%         1
 Summon Guardian Golem    Hex/Summ       15%        N/A       12%         3
 Slow                     Hex            2%         N/A       17%         2
 Confusing Touch          Hex            2%         N/A       32%         3
 Ozocubu's Armour         Ice            2%         N/A       32%         3
 Swiftness                Air            2%         N/A       32%         3
 Summon Lightning Spire   Summ/Air       15%        N/A       36%         4
 Airstrike                Air            1%         N/A       73%         4
 Yara's Violent Unravell  Hex/Tmut       1%         3d3       97%         5
 Ozocubu's Refrigeration  Ice            1%         4d5       100%        7

Inventory:

Hand Weapons
 a - a +0 dagger of venom (weapon)
 b - a +2 short sword of holy wrath
 d - a +3 dagger
 x - a +0 battleaxe
Missiles
 j - 2 throwing nets {=f}
Armour
 c - a +0 pair of gloves (worn)
 m - a +0 robe (worn)
 o - a +0 pair of boots
 t - a +0 buckler
Magical Staves
 s - a staff of earth
Jewellery
 i - a ring of flight
 u - a ring of see invisible (right hand)
 v - a ring of resist corrosion
 w - a +4 ring of evasion (left hand)
Scrolls
 g - 2 scrolls of teleportation {@r4}
 k - a scroll of immolation {!r}
 n - a scroll of blinking
 p - 2 scrolls of amnesia
 q - a scroll of silence {!r}
Potions
 e - 3 potions of might {unknown}
 f - a potion of flight {unknown}
 h - 2 potions of lignification {unknown}
 l - a potion of attraction {unknown}
 r - a potion of degeneration {unknown}
 z - a potion of curing {unknown}

Dungeon Overview and Level Annotations

Branches:
Dungeon (5/15)
 Temple: D:4-7

Annotations:
D:3 exclusion: door
D:4 2 transporters, hyper1729's ghost, amateur NaWn
D:5 3 runed translucent doors, exclusion: ice beast, stickyfingers's ghost, amateur FoDe; stickyfingers's ghost, weakling FoDe

!.....▒.........▒(▒▒▒▒▒▒▒.
♣.....+..▒▒▒▒▒▒.▒.▒ ▒.
⌠.....+..▒ ▒......▒▒ ▒▒▒.
♣.....+..▒ ▒.▒▒.▒..▒ ▒...
(.....▒..▒ ▒.▒▒.▒▒.▒▒▒▒.▒▒
▒8...W▒..▒ ▒.▒▒.▒.....▒.▒
▒▒?♣⌠♣▒..▒▒▒.▒▒.▒..▒▒▒▒.▒
▒▒▒▒▒▒▒........▒..▒ ▒.▒
▒..55p....▒▒▒..▒. ▒.▒
▒5S▒.▒........... ..▒
▒.5▒.▒▒▒▒.▒▒▒▒+▒Y ▒▒▒
.▒'▒▒▒.#▒.▒ ▒.▒ ..
.........▒.( ▒.▒ ▒▒
.▒.......▒.. ▒.▒
▒.......▒..▒ ▒▒▒
...........>▒
....▒▒▒▒.▒.▒▒


You could see a water moccasin (ally target), stickyfingers's ghost, a friendly
crimson imp (summoned) and 2 friendly white imps.


Message History

You feel extremely sick.
* * * LOW HITPOINT WARNING * * *
You feel very sick. The water moccasin misses you.
The water moccasin barely misses you.
Your crimson imp hits the water moccasin but does no damage.
* * * LOW HITPOINT WARNING * * *
You feel very sick.
* * * LOW HITPOINT WARNING * * *
You feel very sick.
Your crimson imp hits the water moccasin.
A beastly little devil appears in a puff of frigid air.
* * * LOW HITPOINT WARNING * * *
You feel very sick. The water moccasin bites you.
* * * LOW HITPOINT WARNING * * *
The water moccasin closely misses you.
Your crimson imp misses the water moccasin.
* * * LOW HITPOINT WARNING * * *
You feel sick.
* * * LOW HITPOINT WARNING * * *
You feel sick. Something bites your white imp!
* * * LOW HITPOINT WARNING * * *
You feel sick.
Your white imp gestures at the water moccasin.
The puff of frost hits the water moccasin!
Your crimson imp barely misses the water moccasin.
A beastly little devil appears in a puff of frigid air.
You die...

Action                   |  1- 3 |  4- 6 |  7- 9 || total
-------------------------+-------+-------+-------++-------
Melee: Dagger            |   218 |   111 |    46 ||   375
       Short sword       |       |    10 |     4 ||    14
 Cast: Summon Small Mamm |    19 |       |       ||    19
       Call Imp          |    11 |    14 |     5 ||    30
  Use: Scroll            |       |     5 |       ||     5
 Stab: Sleeping          |     9 |       |       ||     9
       Distracted        |       |     1 |       ||     1
Armor: Robe              |    33 |    19 |     4 ||    56
Dodge: Dodged            |   126 |    95 |    44 ||   265

Levels and vault maps discovered:
D:1:      ncdulo_smallfort, layout_loops_ring
D:2:      layout_basic
D:3:      layout_basic, saegor_snake_ambush
D:4:      layout_loops_ring, zin_scriptorium, gammafunk_ghost_arena, uniq_pikel
D:5:      layout_basic, makhleb_blood_cavern_becter,
          mainiacjoe_overflow_divided_tiny, gammafunk_ghost_cemetery,
          uniq_grinder

Notes
Turn   | Place    | Note
-------+----------+-------------------------------------------
     0 | D:1      | sanka the Demigod Summoner began the quest for the Orb.
     0 | D:1      | Reached XP level 1. HP: 14/14 MP: 5/5
   115 | D:1      | Reached skill level 2 in Spellcasting
   408 | D:1      | Reached skill level 4 in Summonings
   412 | D:1      | Reached XP level 2. HP: 20/20 MP: 1/7
   593 | D:1      | Learned a level 2 spell: Call Imp
  1547 | D:2      | Reached XP level 3. HP: 26/26 MP: 1/8
  2656 | D:3      | Reached skill level 5 in Summonings
  2790 | D:3      | Noticed an ice beast
  3955 | D:4      | Reached skill level 1 in Fighting
  3955 | D:4      | Reached XP level 4. HP: 35/35 MP: 9/9
  4026 | D:4      | Reached skill level 2 in Fighting
  4441 | D:4      | Noticed a lemure
  4448 | D:4      | Noticed a lemure
  4448 | D:4      | Noticed Pikel
  4449 | D:4      | Noticed a lemure
  4466 | D:4      | Noticed a lemure
  4467 | D:4      | Killed Pikel
  4468 | D:4      | Reached skill level 3 in Fighting
  4468 | D:4      | Reached skill level 4 in Dodging
  4468 | D:4      | Reached XP level 5. HP: 37/45 MP: 4/10
  4468 | D:4      | Reached XP level 6. HP: 41/51 MP: 4/11
  4697 | D:4      | Noticed hyper1729's ghost (amateur NaWn)
  4699 | D:4      | Found a transporter.
  4723 | D:4      | Found a transporter.
  5116 | D:4      | Reached skill level 5 in Dodging
  5560 | D:5      | Entered Level 5 of the Dungeon
  5646 | D:5      | Noticed Grinder
  5737 | D:5      | Paralysed by Grinder for 4 turns
  5744 | D:5      | Killed Grinder
  5745 | D:5      | Reached XP level 7. HP: 23/57 MP: 5/13
  5747 | D:5      | Reached skill level 6 in Dodging
  6136 | D:5      | Found a runed translucent gate.
  6138 | D:5      | Found a runed translucent gate.
  6407 | D:5      | Found a runed translucent gate.
  6408 | D:5      | Noticed stickyfingers's ghost (weakling FoDe)
  6409 | D:5      | Noticed stickyfingers's ghost (amateur FoDe)
  6450 | D:5      | HP: 5/57 [water moccasin (1)]
  6452 | D:5      | HP: 1/57 [poisoned by a water moccasin]
  6454 | D:5      | Succumbed to a water moccasin's poison

Vanquished Creatures
  Pikel (D:4)
  Grinder (D:5)
  A hound (D:5)
  An orc priest (D:4)
  2 orc wizards
  3 adders
  A shadow imp (D:5)
  2 ufetubi (D:5)
  An adder skeleton (D:4)
  3 worms
  2 dart slugs (D:4)
  11 orcs
  3 endoplasms (D:2)
  2 giant cockroaches
  6 goblins
  8 hobgoblins
  8 jackals
  2 quokkas (D:1)
  8 ball pythons
  2 bats
  2 frilled lizards (D:2)
  3 kobolds
  13 rats
86 creatures vanquished.

Vanquished Creatures (collateral kills)
  A black bear (D:4)
  A water moccasin zombie (D:5)
  An endoplasm (D:1)
  3 goblins
  A hobgoblin (D:2)
  5 jackals (D:1)
  A quokka (D:1)
  A bat (D:1)
  A kobold (D:1)
  A rat (D:1)
16 creatures vanquished.

Grand Total: 102 creatures vanquished
